 Dungeon Crawl Stone Soup version 0.27-a0-1202-ge72e49191c (webtiles) character file.

Game seed: 6394945564270336640

2 Ijustatesigmund the Chopper (level 1, 0/20 HPs)
             Began as a Minotaur Berserker on June 3, 2021.
             Was a Follower of Trog.
             Slain by a goblin
             ... wielding a +0 club
              (3 damage)
             ... on level 1 of the Dungeon.
             The game lasted 00:00:10 (30 turns).

Ijustatesigmund the Chopper (Minotaur Berserker)      Turns: 30, Time: 00:00:11

Health: 0/20       AC:  2    Str: 21    XL:     1   Next: 33%
Magic:  0/0        EV: 12    Int:  4    God:    Trog [*.....]
Gold:   0          SH:  0    Dex:  9    Spells: 0/0 levels left

rFire    . . .     SeeInvis .   a - +0 hand axe
rCold    . . .     Faith    .   (no shield)
rNeg     . . .     Spirit   .   b - +0 animal skin
rPois    .         Reflect  .   (helmet restricted)
rElec    .         Harm     .   (no cloak)
rCorr    .         Rampage  .   (no gloves)
Will     .....                  (no boots)
Stlth    +.........             (no amulet)
HPRegen  0.06/turn              (no ring)
MPRegen  0.07/turn              (no ring)

@: no status effects
A: horns 2, retaliatory headbutt
a: Renounce Religion, Berserk


You were on level 1 of the Dungeon.
You worshipped Trog.
Trog was aware of your devotion.
You visited 1 branch of the dungeon, and saw 1 of its levels.

Inventory:

Hand Weapons
 a - a +0 hand axe (weapon)
Armour
 b - a +0 animal skin (worn)


   Skills:
 + Level 3.7 Fighting
 * Level 3.8 Axes
 - Level 2.4 Armour
 - Level 2.1 Dodging


You couldn't memorise any spells.
You didn't know any spells.
Your spell library was empty.

Dungeon Overview and Level Annotations

Branches:
Dungeon (1/15)

Altars:


Innate Abilities, Weirdness & Mutations

You have a pair of horns on your head.
You reflexively headbutt those who attack you in melee.


Message History

The jackal misses you.
Found a granite ring.
You closely miss the jackal. Your headbutt misses the jackal.
The jackal bites you but does no damage. x2
You miss the jackal. You barely miss the jackal.
You hit the jackal but do no damage. The jackal misses you.
The jackal barely misses you.
You closely miss the jackal. You hit the jackal but do no damage.
You hit the jackal. The jackal closely misses you. The jackal bites you. x2
The jackal closely misses you. The jackal misses you.
You hit the jackal.
The jackal is heavily wounded.
You closely miss the jackal. You hit the jackal but do no damage.
You hit the goblin but do no damage. The jackal bites you.
The jackal closely misses you. You furiously retaliate!
You headbutt the jackal. The jackal bites you.
The goblin hits you with a +0 club. The jackal closely misses you.
The jackal completely misses you.
You are too injured to fight recklessly!
You are too injured to fight recklessly!
You slash the jackal!
You kill the jackal!
Trog accepts your kill.
You hit the jackal.
You kill the jackal!
Trog accepts your kill.
You hit the jackal. You barely miss the goblin.
The goblin hits you with a +0 club.
The jackal bites you but does no damage.
You closely miss the jackal.
The jackal is severely wounded.
You hit the goblin. The jackal closely misses you.
The goblin hits you with a +0 club.
* * * LOW HITPOINT WARNING * * *
The jackal barely misses you. The goblin hits you but does no damage.
You hit the jackal but do no damage. You headbutt the jackal.
You kill the jackal!
Trog accepts your kill.
You barely miss the goblin. The goblin hits you with a +0 club.
You die...

#..=.......
#..........
...........
.......... #.........
#......... #######
#†.g...... #.....#
#.@....... #.....#
#......... #.<##.#
#.........
#.....######.........
#.....##.............
#####'##.############
##.##.# #.....#
#.....#


You could see a goblin.

Vanquished Creatures
  3 jackals (D:1)
3 creatures vanquished.

Notes
Turn   | Place    | Note
-------+----------+-------------------------------------------
     0 | D:1      | Ijustatesigmund the Minotaur Berserker began the quest for
                  | the Orb.
     0 | D:1      | Reached XP level 1. HP: 19/19 MP: 0/0
    30 | D:1      | Slain by a goblin

Illustrated notes

Levels and vault maps discovered:
D:1:      dpeg_arrival_rooms_b, layout_basic, serial_shops, shop_coins,
          nicolae_shop_behind_doors, shop, basic_ecumenical_altar

Action                   || total
-------------------------++-------
Melee: Hand axe          ||     8
       Headbutt          ||     1
Armor: Animal skin       ||     4
Dodge: Dodged            ||    11

Table legend: (Time is in decaauts)
 A = Elapsed time spent in this place.
 B = Non-inter-level travel time spent in this place.
 C = Inter-level travel time spent in this place.
 D = Time resting spent in this place.
 E = Time spent auto-exploring this place.
 F = Levels seen in this place.
 G = Mean time per level.
                   A        B        C        D        E       F      G
               +--------+--------+--------+--------+--------+-----+--------+
         Total |     30 |     30 |      0 |      0 |     19 |   1 |   30.0 |
       Dungeon |     30 |     30 |      0 |      0 |     19 |   1 |   30.0 |
               +--------+--------+--------+--------+--------+-----+--------+

Top non-repeatable levels by time:
     D:1: 30 daAuts
